AoeStats
← MZTK | GaboxNet .i.

Arena

509851623Analyzed
4v4 RM · 4d ago on Sep 28, 2026· 92m 42s· 8 players
Game mode
Random Map
Map size
Large (8 player)
Population
200
Speed
Normal
Resources
Standard
Victory
Conquest
Starting age
Dark Age
Ending age
Imperial Age
RankedLock teamsTeams togetherTeam positionsShared explorationLock speedFull tech treeHidden civsTurbo modeCheats
Victory
Defeat
🇲🇽 Saracens · Mexico
1242
+14
🇲🇽 Bohemians · Mexico
1216
+15
🇺🇸 Romans · United States
1193
+16
🇲🇽 Mongols · Mexico
1125
+18
🇦🇺 Bohemians · Australia
1230
-17
🇨🇦 Bengalis · Canada
1198
-16
🇦🇷 Tatars · Argentina
1194
-16
1154
-14
Mandingo
10:28 Feudal Age
14:41 Castle Age
13:17 Double-Bit Axe
14:13 Horse Collar
14:25 Gold Mining
15:49 Wheelbarrow
15:47 Bow Saw
19:49 Heavy Plow
20:31 Wheelbarrow
22:43 Gold Shaft Mining
23:05 Stone Mining
27:55 Imperial Age
25:23 Fletching
25:39 Scale Barding Armor
26:11 Ballistics
26:00 Bodkin Arrow
27:50 Chain Barding Armor
28:42 Bracer
30:07 Chemistry
30:15 Plate Barding Armor
30:39 Elite Elephant Archer
The Goat
7:48 Loom
10:17 Feudal Age
10:11 Loom
14:24 Castle Age
12:59 Double-Bit Axe
12:57 Horse Collar
15:49 Bow Saw
19:45 Fervor
23:25 Wheelbarrow
25:28 Hand Cart
24:58 Town Watch
25:16 Gold Mining
26:21 Town Patrol
30:50 Imperial Age
28:15 Fletching
28:36 Bloodlines
28:27 Husbandry
28:52 Ballistics
29:36 Bodkin Arrow
29:42 Padded Archer Armor
31:01 Gold Shaft Mining
30:54 Fortified Wall
31:07 Heavy Plow
31:01 Heavy Cavalry Archer
31:47 Bracer
32:54 Chemistry
32:57 Conscription
33:15 Leather Archer Armor
32:27 Light Cavalry
34:19 Crop Rotation
35:05 Ring Archer Armor
34:48 Hussar
37:25 Scale Barding Armor
37:30 Forging
38:53 Silk Armor
40:04 Chain Barding Armor
41:08 Iron Casting
43:56 Plate Barding Armor
47:10 Blast Furnace
52:59 Timurid Siegecraft
57:13 Masonry
57:09 Siege Engineers
88:45 Bombard Tower
希望大陸人有素質一點
5:18 Loom
10:22 Feudal Age
11:49 Wheelbarrow
11:02 Double-Bit Axe
19:48 Castle Age
18:48 Horse Collar
19:03 Gold Mining
19:43 Fletching
19:54 Padded Archer Armor
20:03 Pikeman
20:17 Crossbowman
21:00 Bodkin Arrow
30:21 Thumb Ring
32:38 Hand Cart
42:26 Imperial Age
41:15 Town Watch
41:28 Elite Skirmisher
43:07 Leather Archer Armor
42:30 Imperial Skirmisher
45:39 Forging
45:29 Scale Mail Armor
61:55 Bow Saw
63:29 Bracer
69:09 Paper Money
73:36 Chemistry
72:58 Ballistics
74:49 Ring Archer Armor
88:30 Two-Man Saw
88:25 Iron Casting
88:05 Chain Mail Armor
89:22 Elite Battle Elephant
90:13 Bloodlines
90:28 Husbandry
92:14 Scale Barding Armor
ragamuffin
10:52 Feudal Age
10:43 Loom
14:37 Castle Age
12:43 Horse Collar
13:16 Double-Bit Axe
18:54 Wheelbarrow
18:46 Bow Saw
22:29 Hand Cart
22:36 Town Watch
28:13 Imperial Age
26:05 Heavy Plow
26:42 Pikeman
27:22 Squires
27:34 Forging
27:15 Fletching
28:34 Chemistry
28:06 Arson
28:57 Iron Casting
28:38 Scale Barding Armor
28:36 Scale Mail Armor
28:50 Halberdier
31:14 Blast Furnace
32:31 Siege Engineers
32:52 Ballistics
33:03 Chain Mail Armor
33:00 Houfnice
37:49 Plate Mail Armor
39:30 Town Patrol
49:24 Bodkin Arrow
52:55 Bracer
54:15 Man-at-Arms
56:27 Long Swordsman
58:26 Two-Handed Swordsman
61:33 Two-Man Saw
60:50 Padded Archer Armor
69:33 Champion
71:41 Murder Holes
MZTK l ROD
9:28 Feudal Age
16:12 Castle Age
14:22 Double-Bit Axe
16:44 Horse Collar
17:18 Forging
19:41 Iron Casting
19:21 Bow Saw
22:31 Loom
24:37 Wheelbarrow
34:58 Imperial Age
32:56 Scale Barding Armor
32:51 Fletching
33:05 Heavy Plow
34:07 Bodkin Arrow
34:58 Light Cavalry
35:39 Husbandry
36:35 Bloodlines
37:17 Hussar
38:21 Chain Barding Armor
39:01 Blast Furnace
39:02 Conscription
39:58 Two-Man Saw
39:24 Hand Cart
40:07 Plate Barding Armor
39:33 Bracer
42:03 Heavy Camel Rider
42:47 Padded Archer Armor
46:09 Elite Skirmisher
46:54 Thumb Ring
47:16 Parthian Tactics
60:34 Leather Archer Armor
60:21 Scale Mail Armor
60:56 Town Watch
61:34 Ballistics
62:35 Chemistry
63:08 Chain Mail Armor
68:17 Coinage
69:26 Elite Mameluke
70:20 Masonry
72:23 Caravan
72:08 Heavy Cavalry Archer
74:35 Fortified Wall
74:22 Murder Holes
74:32 Gold Mining
74:32 Stone Mining
85:05 Counterweights
MZTK | GaboxNet .i.
10:10 Feudal Age
11:49 Loom
14:49 Castle Age
13:08 Double-Bit Axe
16:41 Bow Saw
17:40 Horse Collar
19:37 Wheelbarrow
19:51 Heavy Plow
23:55 Gold Mining
28:22 Imperial Age
28:29 Hand Cart
31:15 Onager
32:01 Light Cavalry
32:51 Bloodlines
32:41 Husbandry
33:16 Scale Barding Armor
33:22 Forging
33:26 Siege Onager
34:11 Hussar
37:48 Chemistry
37:09 Ballistics
39:45 Chain Barding Armor
40:01 Iron Casting
46:23 Drill
47:58 Blast Furnace
49:26 Scale Mail Armor
50:28 Chain Mail Armor
51:11 Squires
50:32 Man-at-Arms
51:43 Plate Mail Armor
51:19 Long Swordsman
51:45 Arson
52:02 Two-Handed Swordsman
52:53 Champion
57:30 Fletching
57:40 Padded Archer Armor
58:12 Elite Skirmisher
59:41 Leather Archer Armor
59:22 Bodkin Arrow
61:50 Ballistics
62:30 Chemistry
61:32 Bracer
69:32 Coinage
69:47 Capped Ram
71:47 Fortified Wall
71:10 Siege Ram
77:36 Drill
77:37 Conscription
_MZTK_SIRO_
0:27 Loom
12:13 Feudal Age
16:04 Castle Age
14:23 Double-Bit Axe
17:10 Loom
19:00 Fervor
20:09 Bow Saw
20:36 Sanctity
22:55 Horse Collar
25:53 Wheelbarrow
26:06 Town Watch
27:42 Fortified Wall
29:12 Masonry
30:03 Chemistry
32:58 Imperial Age
29:55 Pikeman
30:21 Arson
30:40 Scale Mail Armor
31:04 Heavy Plow
32:34 Squires
32:47 Forging
32:53 Chain Mail Armor
33:13 Man-at-Arms
36:01 Plate Mail Armor
36:07 Iron Casting
43:14 Hand Cart
46:43 Blast Furnace
46:14 Town Patrol
47:18 Two-Man Saw
48:37 Heavy Scorpion
53:58 Murder Holes
60:00 Conscription
61:17 Architecture
61:08 Ballistics
60:56 Siege Engineers
64:24 Halberdier
66:18 Wagenburg Tactics
89:13 Hussite Reforms
MZTK | PinPon
11:50 Feudal Age
13:09 Loom
16:28 Castle Age
14:43 Double-Bit Axe
21:00 Horse Collar
23:08 Husbandry
23:19 Bloodlines
24:05 Heavy Plow
24:15 Scale Barding Armor
25:29 Wheelbarrow
25:10 Forging
27:55 Hand Cart
28:49 Bow Saw
28:35 Gold Mining
32:43 Gold Shaft Mining
34:49 Imperial Age
35:04 Ballistas
34:55 Heavy Scorpion
38:42 Chemistry
38:03 Ballistics
39:52 Chain Barding Armor
40:07 Iron Casting
39:23 Fletching
42:57 Plate Barding Armor
43:22 Blast Furnace
42:57 Bodkin Arrow
43:57 Scale Mail Armor
43:22 Pikeman
43:25 Elite Centurion
44:18 Halberdier
44:59 Squires
54:38 Light Cavalry
70:13 Cavalier
71:48 Crop Rotation
80:34 Padded Archer Armor
80:50 Chain Mail Armor
Connection lost

Rejoining the realm…

Still unreachable

The connection could not be restored.

Session expired

The server has moved on; the page needs a fresh start.